 Dungeon Crawl Stone Soup version 0.22-a0-91-g23542c2 (webtiles) character file.

27 GrunderHorse the Skirmisher (level 3, 29/29 HPs)
             Began as a Formicid Chaos Knight on Jan 22, 2018.
             Quit the game on level 2 of the Dungeon.
             The game lasted 00:04:02 (1398 turns).

GrunderHorse the Skirmisher (Formicid Chaos Knight) Turns: 1398, Time: 00:04:02

Health: 29/29      AC:  6    Str: 17    XL:     3   Next: 25%
Magic:  3/3        EV: 10    Int: 11    God:    Xom [..*...]
Gold:   31         SH:  0    Dex: 10    Spells: 2/2 levels left

rFire    . . .     SeeInvis +   i - +0 spear (curse)
rCold    . . .     Gourm    .   (no shield)
rNeg     . . .     Faith    .   d - +0 ring mail
rPois    .         Spirit   .   (helmet unavailable)
rElec    .         Reflect  .   (no cloak)
rCorr    .         Harm     .   (no gloves)
MR       .....                  k - +0 pair of boots
Stlth    +.........             (no amulet)
HPRegen  0.09/turn              (no ring)
MPRegen  0.08/turn              (no ring)

@: no status effects
A: permanent stasis, dig shafts and tunnels, four strong arms, antennae 3
a: Dig, Shaft Self, Renounce Religion


You were on level 2 of the Dungeon.
You worshipped Xom.
You were a toy of Xom.
You were hungry.

You visited 1 branch of the dungeon, and saw 2 of its levels.

You collected 31 gold pieces.

Inventory:

Hand Weapons
 a - a +0 hand axe of chaos
 i - a cursed +0 spear (weapon)
Armour
 b - a +2 leather armour
 d - a +0 ring mail (worn)
 k - a +0 pair of boots (worn)
Scrolls
 e - 4 scrolls of teleportation {unknown}
 j - 2 scrolls of identify {unknown}
 n - a scroll of fog {unknown}
Potions
 f - a potion of flight {unknown}
 g - a potion of mutation {unknown}
 h - a potion of degeneration {unknown}
 l - a potion of brilliance {unknown}
 m - a potion of curing {unknown}
Comestibles
 c - a ration


   Skills:
 + Level 3.6 Fighting
 * Level 3.4(3.5) Axes
 + Level 0.3(2.1) Polearms
 * Level 2.6 Armour
 - Level 0.8 Dodging
 * Level 0.7 Stealth


You had 2 spell levels left.
You didn't know any spells.

Dungeon Overview and Level Annotations

Branches:
Dungeon (2/15)

Altars:


Innate Abilities, Weirdness & Mutations

You cannot be hasted, slowed, berserked, paralysed or teleported.
You can dig through walls and to a lower floor.
Your four strong arms can wield two-handed weapons with a shield.
You have a pair of large antennae on your head. (SInv)


Message History

e - 4 scrolls labeled RORHIA LO TOBBA (gained 1)
You now have 31 gold pieces (gained 16).
Items here: ( )) ÷ an uncursed club; an uncursed hunting sling; 17 stones; a hobgoblin skeleton You sense a monster nearby.
A rat comes into view.
A rat is nearby!
Found 25 arrows.
You hit the rat.
You kill the rat!
You see here a rat corpse.
Save game and exit?
Welcome back, GrunderHorse the Formicid Chaos Knight.
Xom snickers.
Press ? for a list of commands and other information.
Okay, then.
Unknown command.
Quiver which item? (- for none, * to show all) (? for menu, Esc to quit)
Okay, then.
Are you sure you want to abandon this character and quit the game? (Confirm with "yes".)

#. #.## .... #..# #(.# ### #..#
. .....# #..# #.#.##.# #@# .#
###.#w##.# #.# #.# #.....##.#
#†# #.# ###.#.#.##.# #.# #.#
......#.##.#####.# #.#
##..............#############.#
#...(.(..>.)....>....>........##
#.####(##.####.#.............#..
#.# #.##.####(#.###########....


There were no monsters in sight!

Vanquished Creatures
  A worm (D:2)
  A dart slug (D:2)
  2 bats
  2 giant cockroaches
  3 goblins
  2 hobgoblins
  5 kobolds
  A quokka (D:2)
  5 rats
22 creatures vanquished.

Notes
Turn   | Place    | Note
-------+----------+-------------------------------------------
     0 | D:1      | GrunderHorse the Formicid Chaos Knight began the quest for the Orb.
     0 | D:1      | Reached XP level 1. HP: 18/18 MP: 1/1
    70 | D:1      | XOM: harmless Chrm miscast
   140 | D:1      | Reached XP level 2. HP: 24/24 MP: 2/2
   497 | D:1      | XOM: harmless Erth miscast
   667 | D:1      | XOM: harmless Hex miscast
   795 | D:2      | XOM: potion effect (agility)
   942 | D:2      | XOM: silly message
   998 | D:2      | Reached XP level 3. HP: 29/29 MP: 3/3
  1191 | D:2      | XOM: harmless Tmut miscast
  1398 | D:2      | Quit the game

Vault maps used:
D:1:      shiori_arrival_oz, minivault_24

Action                   || total
-------------------------++-------
Melee: Hand axe          ||    17
       Spear             ||    67
  Eat: Chunk             ||     1
Armor: Ring mail         ||    28
Dodge: Dodged            ||    49

Table legend:
 A = Spawn XP
 B = Non-spawn XP
 C = Spawn XP percentage of total XP
 D = Spawn monster count
 E = Non-spawn monster count
 F = Spawn count percentage of total count
 G = Total turns spent on level
                    A         B        C        D         E        F      G
               +---------+---------+-------+---------+---------+-------+---------
         Total |       0 |      39 |   0.0 |       0 |      22 |   0.0 |  1398
               +---------+---------+-------+---------+---------+-------+---------
           D:1 |       0 |      20 |   0.0 |       0 |      13 |   0.0 |   748
           D:2 |       0 |      19 |   0.0 |       0 |       9 |   0.0 |   650
               +---------+---------+-------+---------+---------+-------+---------
